 Dungeon Crawl Stone Soup version 0.28.0-45-g0d030f2227 (webtiles) character file.

Game seed: 4349964214119036377

491 NinjaNoafa the Digger (level 6, -1/46 HPs)
             Began as a Draconian Earth Elementalist on Apr 13, 2022.
             Slain by a gnoll
             ... wielding a +0 whip
              (3 damage)
             ... on level 3 of the Dungeon.
             The game lasted 00:06:16 (3214 turns).

NinjaNoafa the Digger (DrEE)                        Turns: 3214, Time: 00:06:16

Health: -1/46      AC:  7    Str: 12    XL:     6   Next: 91%
Magic:  11/11      EV: 13    Int: 20    God:
Gold:   72         SH:  0    Dex: 11    Spells: 10/11 levels left

rFire   . . .      SeeInvis .   i - +0 short sword
rCold   . . .      Faith    .   (no shield)
rNeg    . . .      Spirit   .   (armour unavailable)
rPois   .          Reflect  .   (helmet restricted)
rElec   .          Harm     .   a - +0 cloak
rCorr   .          Rampage  .   (no gloves)
Will    .....                   (no boots)
Stlth   ++........              (no amulet)
HPRegen 0.15/turn               (no ring)
MPRegen 0.12/turn               (no ring)

@: no status effects
A: AC +6, unfitting armour, cold-blooded, clever 1, strong 1
a: no special abilities


You were on level 3 of the Dungeon.
You visited 1 branch of the dungeon, and saw 3 of its levels.

You collected 72 gold pieces.

Inventory:

Hand Weapons
 i - a +0 short sword (weapon)
Missiles
 e - 5 poisoned darts (quivered)
Armour
 a - a +0 cloak (worn)
Scrolls
 c - a scroll of identify
 f - a scroll of fear {unknown}
 g - a scroll of blinking
 h - a scroll of summoning {unknown}
 j - a scroll of amnesia {unknown}
Potions
 b - 2 potions of heal wounds


   Skills:
 + Level 0.7 Fighting
 - Level 4.0 Dodging
 - Level 1.7 Stealth
 + Level 3.4 Spellcasting
 + Level 2.2 Conjurations
 + Level 3.0 Transmutations
 * Level 4.4 Earth Magic


You had 10 spell levels left.
You knew the following spells:

 Your Spells              Type           Power      Damage    Failure   Level
a - Sandblast             Erth           42%        2d11      2%          1

Your spell library contained the following spells:

 Spells                   Type           Power      Damage    Failure   Level
 Passwall                 Tmut/Erth      15%        N/A       4%          2
 Stone Arrow              Conj/Erth      32%        3d9       11%         3
 Petrify                  Tmut/Erth      18%        N/A       30%         4


Dungeon Overview and Level Annotations

Branches:
Dungeon (3/15)

Altars:

Shops:
D:1 [[?(*


Innate Abilities, Weirdness & Mutations

Your plain brown scales are hard. (AC +6)
You cannot fit into any form of body armour.
You are cold-blooded and may be slowed by cold attacks.
Your mind is acute. (Int +2)
Your muscles are strong. (Str +2)


Message History

Throw: 8 darts (poison)
Press: ? - help, Q - select action, (/) - cycle Shift-Dir - straight line, f - gnoll
Aim: a gnoll, wielding a +0 spear (heavily wounded, 58% to hit)
You throw a poisoned dart.
The poisoned dart barely misses the gnoll.
The gnoll completely misses you. The gnoll hits you with a +0 whip.
You hit the gnoll.
The gnoll is severely wounded.
The gnoll misses you. The gnoll hits you with a +0 whip.
You hit the gnoll.
Your tail-slap misses the gnoll.
The gnoll is heavily wounded.
The gnoll hits you with a +0 spear.
* * * LOW HITPOINT WARNING * * *
The gnoll hits you with a +0 whip.
* * * LOW HITPOINT WARNING * * *
You hit the gnoll but do no damage.
The gnoll is severely wounded.
The gnoll misses you. The gnoll barely misses you.
The gnoll hits you with a +0 spear.
* * * LOW HITPOINT WARNING * * *
The gnoll closely misses you.
Things that are here:
a +0 whip; a gnoll corpse Throw: 7 darts (poison)
Press: ? - help, Q - select action, (/) - cycle Shift-Dir - straight line, f/p - gnoll
Aim: a gnoll, wielding a +0 spear (heavily wounded, 58% to hit)
You throw a poisoned dart.
The poisoned dart barely misses the gnoll.
The poisoned dart barely misses the gnoll.
The gnoll completely misses you.
The gnoll hits you from afar with a +0 spear.
* * * LOW HITPOINT WARNING * * *
Throw: 6 darts (poison)
Press: ? - help, Q - select action, (/) - cycle Shift-Dir - straight line, f/p - gnoll
Aim: a gnoll, wielding a +0 spear (heavily wounded, 58% to hit)
You throw a poisoned dart. The poisoned dart hits the gnoll.
The gnoll is poisoned.
The gnoll is heavily wounded.
The gnoll hits you with a +0 whip.
You die...

### ## #.. .# ###.#####.# ....
..#.# ###.###.#.#
####(#<...##.#.###########
(...(.(.)..gg@........[.>#
####.###..##.#.######..#.#####
#..##.#.# #.........
#.###..##.#.######.........
#......#..#................
#####.##.#########.........
#.##.# #.#.......
#########.##.##### #....#####
.................## ####.#####


You could see 2 gnolls.

Vanquished Creatures
  Sigmund (D:2)
  An ice beast (D:3)
  A black bear (D:2)
  Jessica (D:2)
  Terence (D:2)
  3 adders (D:2)
  A gnoll (D:3)
  3 dart slugs
  2 orcs
  2 ball pythons (D:1)
  4 endoplasms
  10 giant cockroaches
  5 goblins
  5 hobgoblins
  7 jackals
  3 quokkas
  3 bats
  2 frilled lizards (D:1)
  4 kobolds
  3 rats
62 creatures vanquished.

Notes
Turn   | Place    | Note
-------+----------+-------------------------------------------
     0 | D:1      | NinjaNoafa the Draconian Earth Elementalist began the quest
                  | for the Orb.
     0 | D:1      | Reached XP level 1. HP: 14/14 MP: 3/3
   193 | D:1      | Reached XP level 2. HP: 20/20 MP: 3/5
   547 | D:1      | Found Igaek's Magic Scroll Shoppe.
   703 | D:1      | Found Iriwois's Weapon Shoppe.
   709 | D:1      | Found Fuynn's Armour Shoppe.
   777 | D:1      | Found Sualowum's Assorted Antiques.
   922 | D:1      | Reached XP level 3. HP: 26/26 MP: 4/6
   960 | D:1      | Found Ynain's Armour Boutique.
  1267 | D:2      | Noticed Sigmund
  1280 | D:2      | Killed Sigmund
  1281 | D:2      | Reached skill level 1 in Conjurations
  1281 | D:2      | Reached XP level 4. HP: 14/33 MP: 3/8
  1281 | D:2      | Reached XP level 5. HP: 17/38 MP: 3/9
  1537 | D:2      | Noticed a black bear
  1554 | D:2      | Gained mutation: Your mind is acute. (Int +2) [potion of
                  | mutation]
  1554 | D:2      | Gained mutation: Your muscles are strong. (Str +2) [potion
                  | of mutation]
  1558 | D:2      | Killed a black bear
  1559 | D:2      | Reached XP level 6. HP: 17/45 MP: 0/10
  1827 | D:2      | Noticed Terence
  1845 | D:2      | Killed Terence
  2024 | D:2      | Noticed Jessica
  2076 | D:2      | Killed Jessica
  2919 | D:3      | Found a faded altar of an unknown god.
  2929 | D:3      | Noticed an ice beast
  2959 | D:3      | Killed an ice beast
  3211 | D:3      | HP: 2/46 [gnoll/+0 spear (4)]
  3214 | D:3      | Slain by a gnoll

Illustrated notes

Levels and vault maps discovered:
D:1:      dpeg_arrival_prison, layout_basic, serial_shops, nicolae_shop_stone,
          shop_statue, shop, shop, shop
D:2:      layout_basic, uniq_terence, uniq_jessica, uniq_sigmund
D:3:      layout_basic, dreamdust_ecumenical_altar_statues

Skill      XL: |  1  2  3  4  5  6 |
---------------+-------------------+-----
Dodging        | 2 3 4 |  4.0
Conjurations   | 1 2 |  2.2
Transmutations | 2 3 |  3.0
Spellcasting   | 3 |  3.4
Earth Magic    | 4 |  4.4
Fighting       | |  0.7
Stealth        | |  1.7

Action                   |  1- 3 |  4- 6 || total
-------------------------+-------+-------++-------
Melee: Unarmed           |     5 |       ||     5
       Tailslap          |     2 |    18 ||    20
       Short sword       |     4 |   120 ||   124
       Punch             |       |     1 ||     1
Throw: Dart              |       |    13 ||    13
 Cast: Sandblast         |    53 |    29 ||    82
  Use: Scroll            |     2 |     1 ||     3
       Potion            |     1 |     6 ||     7
 Stab: Sleeping          |       |     1 ||     1
Armor: Skin              |    10 |    42 ||    52
Dodge: Dodged            |    21 |   127 ||   148
